 Dungeon Crawl Stone Soup version 0.26.1-11-gd32895ea62 (webtiles) character file.

Game seed: 7505165143750904922

42 Almogavar the Bolt Thrower (level 3, -2/25 HPs)
             Began as a Gnoll Wanderer on July 12, 2021.
             Slain by a gnoll
             ... wielding a +0 club
              (6 damage)
             ... on level 2 of the Dungeon.
             The game lasted 00:03:15 (546 turns).

Almogavar the Bolt Thrower (Gnoll Wanderer)          Turns: 546, Time: 00:03:16

Health: -2/25      AC:  3    Str: 12    XL:     3   Next: 56%
Magic:  4/4        EV: 11    Int: 18    God:
Gold:   55         SH:  0    Dex: 13    Spells: 3/3 levels left

rFire    . . .     SeeInvis .   a - +0 hand crossbow
rCold    . . .     Faith    .   (no shield)
rNeg     . . .     Spirit   .   i - +0 leather armour
rPois    .         Reflect  .   (no helmet)
rElec    .         Harm     .   (no cloak)
rCorr    .         Rampage  .   (no gloves)
Will     .....                  (no boots)
Stlth    +.........             (no amulet)
HPRegen  0.08/turn              (no ring)
MPRegen  0.09/turn              (no ring)

@: no status effects
A: distributed training, fangs 1, strong nose
a: no special abilities


You were on level 2 of the Dungeon.
You visited 1 branch of the dungeon, and saw 2 of its levels.

You collected 55 gold pieces.

Inventory:

Hand Weapons
 a - a +0 hand crossbow (weapon)
Missiles
 c - 20 bolts (quivered ammo)
 f - 34 arrows
 m - 8 stones
 n - 8 poisoned darts (quivered)
Armour
 i - a +0 leather armour (worn)
 o - a cursed +0 leather armour
Jewellery
 k - an uncursed ring of protection from fire {unknown}
Wands
 b - a wand of enslavement (13)
Scrolls
 e - 2 scrolls of teleportation {unknown}
 h - 2 scrolls of identify {unknown}
 j - 2 scrolls of remove curse {unknown}
Potions
 d - a potion of lignification
 g - a potion of mutation {unknown}
 l - a potion of heal wounds {unknown}


   Skills:
 + Level 0.8 Fighting
 + Level 0.8 Short Blades
 + Level 0.8 Long Blades
 + Level 0.8 Axes
 + Level 0.8 Maces & Flails
 + Level 0.8 Polearms
 + Level 0.8 Staves
 + Level 0.8 Slings
 + Level 0.8 Bows
 + Level 6.5 Crossbows
 + Level 0.8 Throwing
 + Level 4.5 Armour
 + Level 0.8 Dodging
 + Level 0.8 Stealth
 + Level 2.6 Shields
 + Level 0.8 Unarmed Combat
 + Level 0.8 Spellcasting
 + Level 0.5 Conjurations
 + Level 0.5 Hexes
 + Level 0.5 Summonings
 + Level 0.5 Necromancy
 + Level 0.5 Translocations
 + Level 0.5 Transmutations
 + Level 5.4 Fire Magic
 + Level 0.5 Ice Magic
 + Level 0.5 Air Magic
 + Level 0.5 Earth Magic
 + Level 0.5 Poison Magic
 + Level 1.0 Invocations
 + Level 2.6 Evocations


You had 3 spell levels left.
You didn't know any spells.
Your spell library was empty.

Dungeon Overview and Level Annotations

Branches:
Dungeon (1/15)

Altars:
Ashenzari


Innate Abilities, Weirdness & Mutations

Your experience applies equally to all skills.
You have very sharp teeth.
Your uncanny sense of smell can sniff out nearby items.


Message History

Press: ? - help, Q - select action, (/) - cycle Shift-Dir - straight line, f/p - gnoll
Aim: a gnoll, wielding a +0 club (60% to hit)
You throw a poisoned dart. The poisoned dart hits the gnoll.
The gnoll hits you with a +0 club.
* * * LOW HITPOINT WARNING * * *
Throw: 10 darts (poison)
Press: ? - help, Q - select action, (/) - cycle Shift-Dir - straight line, f/p - gnoll
Aim: a gnoll, wielding a +0 club (60% to hit)
You throw a poisoned dart.
The poisoned dart barely misses the gnoll.
The gnoll hits you with a +0 club.
* * * LOW HITPOINT WARNING * * *
You are already wielding that!
Throw: 9 darts (poison)
Press: ? - help, Q - select action, (/) - cycle Shift-Dir - straight line, f/p - gnoll
Aim: a gnoll, wielding a +0 club (60% to hit)
You throw a poisoned dart.
The poisoned dart barely misses the gnoll.
The gnoll hits you with a +0 club.
You die...

#.# #.#.# #.#
#.#.###### ####. ..#
#.#.#....#+#..... ...#
#.#.#....#_#..... #.#.#
#.#.#....###.....
#.#.###.#.##...........
#.#.......†............
. #####..............#.
###.###†.@....... #.#
#).g####.#.
#.###..........
#.......#######
#####.#.######
#.#......#
#.#####.....##.#
#.(......(#.#
###########.#


You could see a gnoll.

Vanquished Creatures
  A gnoll (D:2)
  A worm (D:2)
  A leopard gecko (D:2)
  5 bats
  3 goblins (D:1)
  3 hobgoblins (D:1)
  2 jackals (D:1)
  2 rats (D:1)
18 creatures vanquished.

Vanquished Creatures (collateral kills)
  A gnoll (D:2)
1 creature vanquished.

Grand Total: 19 creatures vanquished

Notes
Turn   | Place    | Note
-------+----------+-------------------------------------------
     0 | D:1      | Almogavar the Gnoll Wanderer began the quest for the Orb.
     0 | D:1      | Almogavar set off with the following items: a +0 hand
                  | crossbow, a wand of enslavement (15), 26 bolts, a potion of
                  | lignification, a +0 robe
     0 | D:1      | Reached XP level 1. HP: 13/13 MP: 1/1
   175 | D:1      | Reached XP level 2. HP: 19/19 MP: 2/2
   442 | D:1      | You fall into a shaft and drop 1 floor!
   466 | D:2      | Found a broken altar of Ashenzari.
   480 | D:2      | Reached XP level 3. HP: 25/25 MP: 3/3
   522 | D:2      | Reached skill level 1 in Invocations
   546 | D:2      | Slain by a gnoll

Illustrated notes

Levels and vault maps discovered:
D:1:      beargit_arrival_greenhouse, layout_rooms
D:2:      layout_loops_ring, ashenzari_conservatory_becter

Skill      XL: |  1  2  3 |
---------------+----------+-----
Invocations    | 1 |  1.0
Fighting       | |  0.8
Short Blades   | |  0.8
Long Blades    | |  0.8
Axes           | |  0.8
Maces & Flails | |  0.8
Polearms       | |  0.8
Staves         | |  0.8
Slings         | |  0.8
Bows           | |  0.8
Crossbows      | |  6.5
Throwing       | |  0.8
Armour         | |  4.5
Dodging        | |  0.8
Stealth        | |  0.8
Shields        | |  2.6
Unarmed Combat | |  0.8
Spellcasting   | |  0.8
Conjurations   | |  0.5
Hexes          | |  0.5
Summonings     | |  0.5
Necromancy     | |  0.5
Translocations | |  0.5
Transmutations | |  0.5
Fire Magic     | |  5.4
Ice Magic      | |  0.5
Air Magic      | |  0.5
Earth Magic    | |  0.5
Poison Magic   | |  0.5
Evocations     | |  2.6

Action                   || total
-------------------------++-------
 Fire: Hand crossbow     ||    56
Throw: Dart              ||     4
Evoke: Wand              ||     2
Armor: Robe              ||     3
       Leather armour    ||     1
Dodge: Dodged            ||    19
